Edmonton Oilers vs Chicago Black Hawks
(R1)
Created - Tuesday, September 2, 2025 at 08:00
Goals
|
| Edmonton Oilers |
1 |
2 |
2 |
5 |
| Chicago Black Hawks |
2 |
2 |
0 |
4 |
|
Shots
|
| Edmonton Oilers |
12 |
11 |
14 |
37 |
| Chicago Black Hawks |
14 |
9 |
12 |
35 |
|
1st period
1. Chicago Black Hawks , Lucas Raymond 10 (Leo Carlsson 11) at 1:45 (PP)
2. Chicago Black Hawks , Simon Holmstrom 10 (Christopher Tanev 9, Leo Carlsson 12) at 4:02
3. Edmonton Oilers , Brock Boeser 4 (Adrian Kempe 9, Evan Bouchard 8) at 11:14 (PP)
Penalties :
Drake Caggiula (EDM) for Holding (Minor) at 1:39, Barrett Hayton (CHI) for Roughing (Minor) at 1:54, Brett Pesce (EDM) for Tripping (Minor) at 4:35, Drake Caggiula (EDM) for High sticking (Minor) at 8:29, Justin Faulk (CHI) for Cross-checking (Minor) at 10:58
2nd period
4. Edmonton Oilers , David Perron 4 (Dylan Holloway 7) at 7:02
5. Chicago Black Hawks , Noah Cates 4 (Matthew Beniers 12) at 7:13
6. Edmonton Oilers , Jake DeBrusk 15 (Boone Jenner 19) at 8:59 (PP)
7. Chicago Black Hawks , Matthew Beniers 8 (Justin Faulk 4) at 12:27
Penalties :
Christopher Tanev (CHI) for Cross-checking (Minor) at 2:02, David Jiricek (CHI) for High sticking (Minor) at 8:58, Matthew Beniers (CHI) for Slashing (Minor) at 16:58
3rd period
8. Edmonton Oilers , Dylan Holloway 6 (Morgan Barron 8) at 3:14
9. Edmonton Oilers , David Perron 5 (Dylan Holloway 8, Evan Bouchard 9) at 5:54
Penalties :
David Jiricek (CHI) for Delaying the game (Minor) at 8:39, Brett Howden (CHI) for High sticking (Minor) at 11:32
Goalie Stats
Juuse Saros (EDM), 31 saves from 35 shots - (0.886), W, 2-8-2, 60:00 minutes
Filip Gustavsson (CHI), 32 saves from 37 shots - (0.865), L, 7-6-3, 58:30 minutes
Players Stats for Edmonton Oilers
Player Name G A P +/- PIM S H SB GA TA FO MP PP MP PK MP
------------------------------------------------------------------------------------
Adrian Kempe 0 1 1 0 0 4 1 1 1 0 0/2 21:01 4:53 1:54
Boone Jenner 0 1 1 -1 0 4 1 0 0 0 14/31 17:05 4:41 0:00
Brandon Carlo 0 0 0 0 0 0 1 1 0 1 0/0 27:14 4:59 1:29
Brett Pesce 0 0 0 0 2 0 2 0 0 0 0/0 12:45 0:06 0:00
Brock Boeser 1 0 1 0 0 6 0 0 0 0 0/1 21:01 4:53 1:54
Corey Perry 0 0 0 -1 0 1 0 0 0 0 1/1 7:12 0:00 0:08
David Perron 2 0 2 2 0 4 0 1 0 0 0/0 12:37 0:38 0:00
David Savard 0 0 0 0 0 0 2 0 0 0 0/0 20:00 5:07 2:35
Dawson Mercer 0 0 0 -1 0 2 0 0 0 0 1/2 17:13 4:41 0:08
Derek Ryan 0 0 0 -1 0 0 0 0 0 0 3/8 7:42 0:38 0:00
Drake Caggiula 0 0 0 -1 4 1 0 0 0 0 0/0 7:05 0:00 0:00
Dylan Holloway 1 2 3 2 0 3 1 2 1 0 0/0 14:04 0:00 2:02
Evan Bouchard 0 2 2 0 0 3 1 0 1 0 0/0 20:00 5:07 2:35
Jacob Trouba 0 0 0 0 0 0 4 3 0 0 0/0 27:14 4:59 1:29
Jake DeBrusk 1 0 1 -1 0 4 1 0 0 0 1/5 19:10 4:41 2:02
Luke Hughes 0 0 0 0 0 2 0 2 0 0 0/0 12:46 0:06 0:00
Morgan Barron 0 1 1 2 0 1 1 3 0 0 3/14 12:40 0:41 0:00
Ryan McLeod 0 0 0 0 0 2 0 0 0 0 13/16 19:04 4:50 0:00
Players Stats for Chicago Black Hawks
Player Name G A P +/- PIM S H SB GA TA FO MP PP MP PK MP
------------------------------------------------------------------------------------
Barrett Hayton 0 0 0 0 2 3 1 0 0 0 14/23 18:15 1:58 4:09
Bobby Brink 0 0 0 0 0 5 0 0 0 0 0/0 12:08 0:01 0:00
Brett Howden 0 0 0 0 2 0 0 1 0 0 0/0 7:42 0:00 0:00
Christopher Tanev 0 1 1 0 2 1 0 0 0 0 0/0 27:19 1:59 5:07
Cole Sillinger 0 0 0 0 0 0 2 0 0 0 1/1 8:09 0:01 0:00
David Jiricek 0 0 0 -1 4 0 0 0 0 0 0/0 15:16 0:00 3:39
Jonas Brodin 0 0 0 -1 0 0 0 1 0 0 0/0 15:51 2:05 1:31
Justin Faulk 0 1 1 0 2 1 1 1 0 1 0/0 27:46 1:59 5:08
Leo Carlsson 0 2 2 1 0 4 1 0 0 0 11/22 20:27 2:05 4:31
Lucas Raymond 1 0 1 0 0 5 0 0 0 0 1/1 16:00 2:05 0:09
Matthew Beniers 1 1 2 0 2 4 0 1 0 0 9/15 12:07 0:01 0:00
Morgan Frost 0 0 0 0 0 4 2 0 0 0 3/4 8:50 0:00 1:08
Noah Cates 1 0 1 0 0 3 1 1 0 1 0/0 11:41 0:00 0:00
Noah Dobson 0 0 0 1 0 0 1 0 0 1 0/0 20:43 2:05 4:59
Oliver Bjorkstrand 0 0 0 0 0 1 0 0 0 0 2/3 21:07 2:05 5:09
Simon Holmstrom 1 0 1 0 0 3 0 1 1 0 3/9 18:45 1:58 4:45
Simon Nemec 0 0 0 1 0 1 0 2 0 0 0/0 13:15 0:00 0:00
Trevor Zegras 0 0 0 -1 0 0 1 0 0 0 0/2 14:20 1:58 0:33
3 Stars
1 - Dylan Holloway (EDM)
2 - David Perron (EDM)
3 - Morgan Barron (EDM)
Power Play
Edmonton Oilers - 2 on 7 Attempt(s) - 28.57%
Chicago Black Hawks - 1 on 3 Attempt(s) - 33.33%
Penalty Kill
Edmonton Oilers - 2 on 3 Attempt(s) - 66.67%
- Score 0 goal in Penalty Kill
Chicago Black Hawks - 5 on 7 Attempt(s) - 71.43%
- Score 0 goal in Penalty Kill
Team Stat
Edmonton Oilers - Hits : 15 - Faceoff Wins : 36 - Blocked Shots : 13 - Penalty Minutes : 6
Chicago Black Hawks - Hits : 10 - Faceoff Wins : 44 - Blocked Shots : 8 - Penalty Minutes : 14
Official
Referees : Ghislain Hebert and Francis Charron
Linesman : Travis Gawryletz
Game Notes
No Game Note
Finance
Level 1 -- Attendance: 4633 (77.22%) -- Ticket Income $463,300
Level 2 -- Attendance: 3589 (71.78%) -- Ticket Income $215,340
Level 3 -- Attendance: 2362 (78.73%) -- Ticket Income $82,670
Level 4 -- Attendance: 3499 (69.98%) -- Ticket Income $87,475
Luxury Box -- Attendance: 809 (80.90%) -- Ticket Income $161,800
Game was played at the United Center.
Total Attendance: 14892 (74.46%)
Total Ticket Income: $1,010,585
Other Income: $353,705
Total Income: $1,364,290
Edmonton Oilers
5 vs 5 Forward
Center Left Wing Right Wing Time % Phy DF OF
1 Ryan McLeod Adrian Kempe Brock Boeser 30 1 2 2
2 Boone Jenner Jake DeBrusk Dawson Mercer 30 1 2 2
3 Morgan Barron Dylan Holloway David Perron 25 1 2 2
4 Derek Ryan Drake Caggiula Corey Perry 15 1 2 2
5 vs 5 Defense
Defense Defense Time % Phy DF OF
1 Jacob Trouba Brandon Carlo 30 1 2 2
2 David Savard Evan Bouchard 30 1 2 2
3 Luke Hughes Brett Pesce 25 1 2 2
4 Jacob Trouba Brandon Carlo 15 1 2 2
PowerPlay Forward
Center Left Wing Right Wing Time % Phy DF OF
1 Ryan McLeod Adrian Kempe Brock Boeser 50 1 2 2
2 Boone Jenner Jake DeBrusk Dawson Mercer 50 1 2 2
PowerPlay Defense
Defense Defense Time % Phy DF OF
1 Jacob Trouba Brandon Carlo 50 1 2 2
2 David Savard Evan Bouchard 50 1 2 2
Penalty Kill 4 Players Forward
Center Wing Time % Phy DF OF
1 Adrian Kempe Brock Boeser 50 1 2 2
2 Jake DeBrusk Dylan Holloway 50 1 2 2
Penalty Kill 4 Players Defense
Defense Defense Time % Phy DF OF
1 Jacob Trouba Brandon Carlo 50 1 2 2
2 David Savard Evan Bouchard 50 1 2 2
Penalty Kill - 3 Players Forward
Forward Time % Phy DF OF
1 Adrian Kempe 50 1 2 2
2 Brock Boeser 50 1 2 2
Penalty Kill - 3 Players Defense
Defense Defense Time % Phy DF OF
1 Luke Hughes Brandon Carlo 50 1 2 2
2 David Savard Evan Bouchard 50 1 2 2
4 vs 4 Forward
Center Wing Time % Phy DF OF
1 Adrian Kempe Brock Boeser 50 1 2 2
2 Jake DeBrusk Dylan Holloway 50 1 2 2
4 vs 4 Defense
Defense Defense Time % Phy DF OF
1 Brett Pesce Brandon Carlo 50 1 2 2
2 David Savard Evan Bouchard 50 1 2 2
Last Minutes Offensive
Center Left Wing Right Wing Defense Defense
Ryan McLeod Adrian Kempe Brock Boeser Jacob Trouba Brandon Carlo
Last Minutes Defensive
Center Left Wing Right Wing Defense Defense
Ryan McLeod Adrian Kempe Brock Boeser Jacob Trouba Brandon Carlo
Goaltenders
Starting : Juuse Saros
Backup : Jonathan Quick
Extra Forwards
Normal : Morgan Barron, David Perron, Corey Perry - PP : Morgan Barron, David Perron - PK : Corey Perry
Extra Defensemen
Normal : Luke Hughes, Brett Pesce, David Savard - PP : Luke Hughes - PK : Brett Pesce, David Savard
Penalty Shots
Adrian Kempe, Brock Boeser, Jake DeBrusk, Dylan Holloway, Ryan McLeod
Scratches
Troy Stecher (Healthy), Jeff Carter (Healthy), Tanner Jeannot (Bruised Left Leg Injury), Scott Mayfield (Healthy), Karel Vejmelka (Healthy)
Chicago Black Hawks
5 vs 5 Forward
Center Left Wing Right Wing Time % Phy DF OF
1 Leo Carlsson Lucas Raymond Oliver Bjorkstrand 30 1 2 2
2 Barrett Hayton Simon Holmstrom Trevor Zegras 30 1 2 2
3 Matthew Beniers Noah Cates Bobby Brink 25 1 2 2
4 Morgan Frost Brett Howden Cole Sillinger 15 1 2 2
5 vs 5 Defense
Defense Defense Time % Phy DF OF
1 Justin Faulk Christopher Tanev 30 1 2 2
2 Noah Dobson Simon Nemec 30 1 2 2
3 Jonas Brodin David Jiricek 25 1 2 2
4 Justin Faulk Christopher Tanev 15 1 2 2
PowerPlay Forward
Center Left Wing Right Wing Time % Phy DF OF
1 Leo Carlsson Lucas Raymond Oliver Bjorkstrand 50 1 2 2
2 Barrett Hayton Simon Holmstrom Trevor Zegras 50 1 2 2
PowerPlay Defense
Defense Defense Time % Phy DF OF
1 Justin Faulk Christopher Tanev 50 1 2 2
2 Noah Dobson Jonas Brodin 50 1 2 2
Penalty Kill 4 Players Forward
Center Wing Time % Phy DF OF
1 Simon Holmstrom Leo Carlsson 50 1 2 2
2 Barrett Hayton Oliver Bjorkstrand 50 1 2 2
Penalty Kill 4 Players Defense
Defense Defense Time % Phy DF OF
1 Justin Faulk Christopher Tanev 50 1 2 2
2 Noah Dobson David Jiricek 50 1 2 2
Penalty Kill - 3 Players Forward
Forward Time % Phy DF OF
1 Oliver Bjorkstrand 50 1 2 2
2 Leo Carlsson 50 1 2 2
Penalty Kill - 3 Players Defense
Defense Defense Time % Phy DF OF
1 Justin Faulk Christopher Tanev 50 1 2 2
2 Noah Dobson David Jiricek 50 1 2 2
4 vs 4 Forward
Center Wing Time % Phy DF OF
1 Matthew Beniers Leo Carlsson 50 1 2 2
2 Barrett Hayton Oliver Bjorkstrand 50 1 2 2
4 vs 4 Defense
Defense Defense Time % Phy DF OF
1 Justin Faulk Christopher Tanev 50 1 2 2
2 Noah Dobson Jonas Brodin 50 1 2 2
Last Minutes Offensive
Center Left Wing Right Wing Defense Defense
Leo Carlsson Lucas Raymond Oliver Bjorkstrand Justin Faulk Christopher Tanev
Last Minutes Defensive
Center Left Wing Right Wing Defense Defense
Leo Carlsson Lucas Raymond Oliver Bjorkstrand Justin Faulk Christopher Tanev
Goaltenders
Starting : Filip Gustavsson
Backup : Adin Hill
Extra Forwards
Normal : Cole Sillinger, Matthew Beniers, Morgan Frost - PP : Cole Sillinger, Matthew Beniers - PK : Morgan Frost
Extra Defensemen
Normal : Jonas Brodin, David Jiricek, Noah Dobson - PP : Jonas Brodin - PK : David Jiricek, Noah Dobson
Penalty Shots
Cole Sillinger, Leo Carlsson, Barrett Hayton, Oliver Bjorkstrand, Simon Holmstrom
Scratches
Joseph Veleno (Healthy), Ryan Lindgren (Healthy), Eeli Tolvanen (Healthy), Antonio Stranges (Healthy), Jesper Wallstedt (Healthy)
% Time on Ice - Edmonton Oilers
Lines # - Real PCT - Wanted PCT - Time Play
Normal Forward
1 - 29% - 30% - 13:00
2 - 28% - 30% - 12:27
3 - 27% - 25% - 11:59
4 - 16% - 15% - 7:04
Normal Defense
1 - 32% - 30% - 14:16
2 - 29% - 30% - 13:04
3 - 27% - 25% - 11:54
4 - 12% - 15% - 5:16
PP Forward
1 - 48% - 50% - 4:53
2 - 52% - 50% - 5:19
PP Defense
1 - 49% - 50% - 4:59
2 - 51% - 50% - 5:13
PK Forward
1 - 50% - 50% - 2:02
2 - 50% - 50% - 2:02
PK Defense
1 - 36% - 50% - 1:29
2 - 64% - 50% - 2:35
PK3 Forward
1 - 0% - 50%
2 - 0% - 50%
PK3 Defense
1 - 0% - 50%
2 - 0% - 50%
44 Forward
1 - 0% - 50%
2 - 0% - 50%
44 Defense
1 - 0% - 50%
2 - 0% - 50%
Last Minute Offensive - 0:00
Last Minute Defensive - 1:14
Total
Forward - 60:00
Defense - 60:00
|
% Time on Ice - Chicago Black Hawks
Lines # - Real PCT - Wanted PCT - Time Play
Normal Forward
1 - 29% - 30% - 12:42
2 - 28% - 30% - 12:26
3 - 26% - 25% - 11:41
4 - 17% - 15% - 7:42
Normal Defense
1 - 29% - 30% - 12:59
2 - 32% - 30% - 14:23
3 - 25% - 25% - 11:11
4 - 13% - 15% - 5:58
PP Forward
1 - 51% - 50% - 2:05
2 - 49% - 50% - 1:59
PP Defense
1 - 49% - 50% - 1:59
2 - 51% - 50% - 2:05
PK Forward
1 - 48% - 50% - 4:54
2 - 52% - 50% - 5:18
PK Defense
1 - 53% - 50% - 5:22
2 - 47% - 50% - 4:50
PK3 Forward
1 - 0% - 50%
2 - 0% - 50%
PK3 Defense
1 - 0% - 50%
2 - 0% - 50%
44 Forward
1 - 0% - 50%
2 - 0% - 50%
44 Defense
1 - 0% - 50%
2 - 0% - 50%
Last Minute Offensive - 1:13
Last Minute Defensive - 0:00
Total
Forward - 60:00
Defense - 60:00
|
Play-by-Play
1st period
0:01 of 1st period - Ryan McLeod wins face-off versus Leo Carlsson in neutral zone.
0:07 of 1st period - Off-side.
0:08 of 1st period - Leo Carlsson wins face-off versus Ryan McLeod in neutral zone.
0:08 of 1st period - Leo Carlsson is hit by Jacob Trouba.
0:22 of 1st period - Snap shot by Lucas Raymond.
0:22 of 1st period - Stopped by Juuse Saros with a rebound.
0:34 of 1st period - Snap shot by Brock Boeser.
0:34 of 1st period - Stopped by Filip Gustavsson with a rebound.
0:36 of 1st period - Slapshot by Brandon Carlo.
0:36 of 1st period - Shot Misses the Net.
0:38 of 1st period - Snap shot by Ryan McLeod.
0:38 of 1st period - Shot Misses the Net.
0:40 of 1st period - Snap shot by Brandon Carlo.
0:40 of 1st period - Shot Misses the Net.
0:42 of 1st period - Slapshot by Jacob Trouba.
0:42 of 1st period - Shot Blocked by Justin Faulk.
0:44 of 1st period - Backhand shot by Adrian Kempe.
0:44 of 1st period - Stopped by Filip Gustavsson without a rebound.
0:45 of 1st period - Barrett Hayton wins face-off versus Boone Jenner in Chicago Black Hawks zone.
0:45 of 1st period - Barrett Hayton is hit by David Savard.
1:31 of 1st period - Wrist shot by Cole Sillinger.
1:31 of 1st period - Deflect By Morgan Frost.
1:31 of 1st period - Stopped by Juuse Saros without a rebound.
1:32 of 1st period - Morgan Frost wins face-off versus Derek Ryan in Edmonton Oilers zone.
1:37 of 1st period - Slapshot by Cole Sillinger.
1:37 of 1st period - Shot Misses the Net.
1:39 of 1st period - Minor Penalty to Drake Caggiula for Holding.
1:40 of 1st period - Lucas Raymond wins face-off versus Adrian Kempe in Edmonton Oilers zone.
1:43 of 1st period - Wrist shot by Leo Carlsson.
1:43 of 1st period - Shot Misses the Net.
1:45 of 1st period - Wrist shot by Lucas Raymond.
1:45 of 1st period - Goal by Lucas Raymond - Edmonton Oilers : 0 - Chicago Black Hawks : 1.
1:46 of 1st period - Boone Jenner wins face-off versus Barrett Hayton in neutral zone.
1:54 of 1st period - Minor Penalty to Barrett Hayton for Roughing.
1:55 of 1st period - Ryan McLeod wins face-off versus Simon Holmstrom in Chicago Black Hawks zone.
2:41 of 1st period - Icing by David Savard.
2:42 of 1st period - Ryan McLeod wins face-off versus Trevor Zegras in Edmonton Oilers zone.
2:57 of 1st period - Evan Bouchard is hit by Trevor Zegras and loses puck.
3:10 of 1st period - Snap shot by Brock Boeser.
3:10 of 1st period - Stopped by Filip Gustavsson without a rebound.
3:11 of 1st period - Simon Holmstrom wins face-off versus Boone Jenner in Chicago Black Hawks zone.
3:22 of 1st period - Wrist shot by Boone Jenner.
3:22 of 1st period - Stopped by Filip Gustavsson with a rebound.
3:24 of 1st period - Snap shot by Dawson Mercer.
3:24 of 1st period - Stopped by Filip Gustavsson with a rebound.
3:26 of 1st period - Wrist shot by Boone Jenner.
3:26 of 1st period - Shot Misses the Net.
3:54 of 1st period - Penalty to Barrett Hayton is over, Barrett Hayton is back on ice.
3:58 of 1st period - Wrist shot by Leo Carlsson.
3:58 of 1st period - Shot Misses the Net.
4:00 of 1st period - Slapshot by Christopher Tanev.
4:00 of 1st period - Deflect By Simon Holmstrom.
4:00 of 1st period - Stopped by Juuse Saros with a rebound.
4:02 of 1st period - Slapshot by Simon Holmstrom.
4:02 of 1st period - Goal by Simon Holmstrom - Edmonton Oilers : 0 - Chicago Black Hawks : 2.
4:03 of 1st period - Barrett Hayton wins face-off versus Boone Jenner in neutral zone.
4:13 of 1st period - Snap shot by Jake DeBrusk.
4:13 of 1st period - Deflect By Boone Jenner.
4:13 of 1st period - Shot Blocked by Jonas Brodin.
4:13 of 1st period - Puck is out of play.
4:14 of 1st period - Matthew Beniers wins face-off versus Morgan Barron in Chicago Black Hawks zone.
4:21 of 1st period - Wrist shot by Bobby Brink.
4:21 of 1st period - Shot Blocked by Morgan Barron.
4:25 of 1st period - Snap shot by Matthew Beniers.
4:25 of 1st period - Stopped by Juuse Saros with a rebound.
4:35 of 1st period - Minor Penalty to Brett Pesce for Tripping.
4:36 of 1st period - Barrett Hayton wins face-off versus Jake DeBrusk in Edmonton Oilers zone.
5:09 of 1st period - Snap shot by Lucas Raymond.
5:09 of 1st period - Stopped by Juuse Saros with a rebound.
5:11 of 1st period - Slapshot by Noah Dobson.
5:11 of 1st period - Shot Misses the Net.
6:05 of 1st period - Jonas Brodin is hit by Evan Bouchard and loses puck.
6:35 of 1st period - Penalty to Brett Pesce is over, Brett Pesce is back on ice.
6:39 of 1st period - Off-side.
6:40 of 1st period - Cole Sillinger wins face-off versus Derek Ryan in neutral zone.
6:47 of 1st period - Wrist shot by Matthew Beniers.
6:47 of 1st period - Stopped by Juuse Saros with a rebound.
7:07 of 1st period - Slapshot by Luke Hughes.
7:07 of 1st period - Shot Blocked by Simon Nemec.
7:30 of 1st period - Snap shot by Trevor Zegras.
7:30 of 1st period - Shot Blocked by Jacob Trouba.
7:32 of 1st period - Backhand shot by Barrett Hayton.
7:32 of 1st period - Shot Blocked by Jacob Trouba.
7:34 of 1st period - Snap shot by Barrett Hayton.
7:34 of 1st period - Stopped by Juuse Saros with a rebound.
7:44 of 1st period - Snap shot by Brock Boeser.
7:44 of 1st period - Stopped by Filip Gustavsson with a rebound.
7:50 of 1st period - Snap shot by Lucas Raymond.
7:50 of 1st period - Stopped by Juuse Saros with a rebound.
8:29 of 1st period - Minor Penalty to Drake Caggiula for High sticking.
8:30 of 1st period - Leo Carlsson wins face-off versus Jake DeBrusk in Edmonton Oilers zone.
8:34 of 1st period - Wrist shot by Leo Carlsson.
8:34 of 1st period - Stopped by Juuse Saros without a rebound.
8:35 of 1st period - Jake DeBrusk wins face-off versus Leo Carlsson in Edmonton Oilers zone.
10:00 of 1st period - Dylan Holloway is hit by Barrett Hayton and loses puck.
10:29 of 1st period - Penalty to Drake Caggiula is over, Drake Caggiula is back on ice.
10:41 of 1st period - Slapshot by Noah Cates.
10:41 of 1st period - Stopped by Juuse Saros with a rebound.
10:43 of 1st period - Slapshot by Bobby Brink.
10:43 of 1st period - Stopped by Juuse Saros with a rebound.
10:58 of 1st period - Minor Penalty to Justin Faulk for Cross-checking.
10:59 of 1st period - Ryan McLeod wins face-off versus Simon Holmstrom in Chicago Black Hawks zone.
11:14 of 1st period - Snap shot by Brock Boeser.
11:14 of 1st period - Goal by Brock Boeser - Edmonton Oilers : 1 - Chicago Black Hawks : 2.
11:15 of 1st period - Ryan McLeod wins face-off versus Leo Carlsson in neutral zone.
11:48 of 1st period - Backhand shot by Jake DeBrusk.
11:48 of 1st period - Stopped by Filip Gustavsson with a rebound.
12:24 of 1st period - Icing by Jacob Trouba.
12:25 of 1st period - Leo Carlsson wins face-off versus Derek Ryan in Edmonton Oilers zone.
13:39 of 1st period - Off-side.
13:40 of 1st period - Leo Carlsson wins face-off versus Adrian Kempe in neutral zone.
14:15 of 1st period - Off-side.
14:16 of 1st period - Barrett Hayton wins face-off versus Boone Jenner in neutral zone.
14:21 of 1st period - Snap shot by Trevor Zegras.
14:21 of 1st period - Shot Misses the Net.
14:23 of 1st period - Slapshot by Simon Holmstrom.
14:23 of 1st period - Shot Misses the Net.
15:02 of 1st period - Icing by Morgan Frost.
15:03 of 1st period - Morgan Frost wins face-off versus Morgan Barron in Chicago Black Hawks zone.
15:12 of 1st period - Icing by Brandon Carlo.
15:13 of 1st period - Morgan Barron wins face-off versus Oliver Bjorkstrand in Edmonton Oilers zone.
15:38 of 1st period - Backhand shot by Dylan Holloway.
15:38 of 1st period - Stopped by Filip Gustavsson with a rebound.
15:40 of 1st period - Wrist shot by David Perron.
15:40 of 1st period - Stopped by Filip Gustavsson without a rebound.
15:41 of 1st period - Leo Carlsson wins face-off versus Boone Jenner in Chicago Black Hawks zone.
15:41 of 1st period - Leo Carlsson is hit by Boone Jenner.
17:06 of 1st period - Jake DeBrusk is hit by Leo Carlsson and loses puck.
17:53 of 1st period - Icing by Jonas Brodin.
17:54 of 1st period - Barrett Hayton wins face-off versus Boone Jenner in Chicago Black Hawks zone.
18:39 of 1st period - Snap shot by Morgan Barron.
18:39 of 1st period - Deflect By David Perron.
18:39 of 1st period - Stopped by Filip Gustavsson without a rebound.
18:40 of 1st period - Morgan Barron wins face-off versus Matthew Beniers in Chicago Black Hawks zone.
18:55 of 1st period - Slapshot by Noah Cates.
18:55 of 1st period - Stopped by Juuse Saros without a rebound.
18:56 of 1st period - Boone Jenner wins face-off versus Barrett Hayton in Edmonton Oilers zone.
19:09 of 1st period - Slapshot by Boone Jenner.
19:09 of 1st period - Stopped by Filip Gustavsson without a rebound.
19:10 of 1st period - Ryan McLeod wins face-off versus Leo Carlsson in Chicago Black Hawks zone.
19:11 of 1st period - Snap shot by Adrian Kempe.
19:11 of 1st period - Shot Misses the Net.
Goals for this period are 1 for Edmonton Oilers vs 2 for Chicago Black Hawks.
Shots for this period are 12 for Edmonton Oilers vs 14 for Chicago Black Hawks.
2nd period
0:01 of 2nd period - Barrett Hayton wins face-off versus Boone Jenner in neutral zone.
0:04 of 2nd period - Backhand shot by Simon Holmstrom.
0:04 of 2nd period - Stopped by Juuse Saros without a rebound.
0:05 of 2nd period - Barrett Hayton wins face-off versus Jake DeBrusk in Edmonton Oilers zone.
0:34 of 2nd period - Snap shot by Bobby Brink.
0:34 of 2nd period - Stopped by Juuse Saros without a rebound.
0:35 of 2nd period - Ryan McLeod wins face-off versus Matthew Beniers in Edmonton Oilers zone.
2:02 of 2nd period - Minor Penalty to Christopher Tanev for Cross-checking.
2:03 of 2nd period - Dawson Mercer wins face-off versus Simon Holmstrom in Chicago Black Hawks zone.
4:02 of 2nd period - Penalty to Christopher Tanev is over, Christopher Tanev is back on ice.
4:13 of 2nd period - Snap shot by Bobby Brink.
4:13 of 2nd period - Shot Blocked by Morgan Barron.
4:15 of 2nd period - Slapshot by Bobby Brink.
4:15 of 2nd period - Deflect By Noah Cates.
4:15 of 2nd period - Shot Blocked by Morgan Barron.
4:15 of 2nd period - Puck is out of play.
4:16 of 2nd period - Matthew Beniers wins face-off versus Morgan Barron in Edmonton Oilers zone.
4:29 of 2nd period - Snap shot by Dylan Holloway.
4:29 of 2nd period - Shot Misses the Net.
4:31 of 2nd period - Wrist shot by Dylan Holloway.
4:31 of 2nd period - Deflect By Noah Dobson.
4:31 of 2nd period - Shot Blocked by Simon Nemec.
4:31 of 2nd period - Puck is out of play.
4:32 of 2nd period - Derek Ryan wins face-off versus Barrett Hayton in Chicago Black Hawks zone.
4:33 of 2nd period - Slapshot by Evan Bouchard.
4:33 of 2nd period - Deflect By Trevor Zegras.
4:33 of 2nd period - Stopped by Filip Gustavsson without a rebound.
4:34 of 2nd period - Corey Perry wins face-off versus Barrett Hayton in Chicago Black Hawks zone.
5:01 of 2nd period - Ryan McLeod is hit by Justin Faulk and loses puck.
5:10 of 2nd period - Wrist shot by Leo Carlsson.
5:10 of 2nd period - Stopped by Juuse Saros without a rebound.
5:11 of 2nd period - Barrett Hayton wins face-off versus Jake DeBrusk in Edmonton Oilers zone.
5:11 of 2nd period - Barrett Hayton is hit by Jacob Trouba.
5:34 of 2nd period - Icing by Trevor Zegras.
5:35 of 2nd period - Ryan McLeod wins face-off versus Morgan Frost in Chicago Black Hawks zone.
6:31 of 2nd period - Wrist shot by Barrett Hayton.
6:31 of 2nd period - Stopped by Juuse Saros without a rebound.
6:32 of 2nd period - Boone Jenner wins face-off versus Leo Carlsson in Edmonton Oilers zone.
6:34 of 2nd period - Icing by Dawson Mercer.
6:35 of 2nd period - Oliver Bjorkstrand wins face-off versus Boone Jenner in Edmonton Oilers zone.
7:02 of 2nd period - Snap shot by Dylan Holloway.
7:02 of 2nd period - Deflect By David Perron.
7:02 of 2nd period - Goal by David Perron - Edmonton Oilers : 2 - Chicago Black Hawks : 2.
7:03 of 2nd period - Matthew Beniers wins face-off versus Boone Jenner in neutral zone.
7:09 of 2nd period - Off-side.
7:10 of 2nd period - Matthew Beniers wins face-off versus Boone Jenner in neutral zone.
7:13 of 2nd period - Snap shot by Noah Cates.
7:13 of 2nd period - Goal by Noah Cates - Edmonton Oilers : 2 - Chicago Black Hawks : 3.
7:14 of 2nd period - Leo Carlsson wins face-off versus Boone Jenner in neutral zone.
7:21 of 2nd period - Wrist shot by Jake DeBrusk.
7:21 of 2nd period - Shot Misses the Net.
7:41 of 2nd period - Adrian Kempe is hit by Cole Sillinger and loses puck.
7:50 of 2nd period - Wrist shot by Cole Sillinger.
7:50 of 2nd period - Shot Misses the Net.
7:52 of 2nd period - Backhand shot by Noah Dobson.
7:52 of 2nd period - Deflect By Morgan Frost.
7:52 of 2nd period - Stopped by Juuse Saros with a rebound.
7:54 of 2nd period - Wrist shot by Simon Nemec.
7:54 of 2nd period - Stopped by Juuse Saros with a rebound.
8:01 of 2nd period - Icing by Jacob Trouba.
8:02 of 2nd period - Matthew Beniers wins face-off versus Morgan Barron in Edmonton Oilers zone.
8:17 of 2nd period - Noah Cates is hit by Jacob Trouba and loses puck.
8:33 of 2nd period - Slapshot by Matthew Beniers.
8:33 of 2nd period - Shot Misses the Net.
8:35 of 2nd period - Snap shot by Bobby Brink.
8:35 of 2nd period - Stopped by Juuse Saros with a rebound.
8:58 of 2nd period - Minor Penalty to David Jiricek for High sticking.
8:59 of 2nd period - Boone Jenner wins face-off versus Leo Carlsson in Chicago Black Hawks zone.
8:59 of 2nd period - Wrist shot by Jake DeBrusk.
8:59 of 2nd period - Goal by Jake DeBrusk - Edmonton Oilers : 3 - Chicago Black Hawks : 3.
9:00 of 2nd period - Boone Jenner wins face-off versus Barrett Hayton in neutral zone.
9:05 of 2nd period - Snap shot by Boone Jenner.
9:05 of 2nd period - Deflect By Jake DeBrusk.
9:05 of 2nd period - Shot Hit the Post.
9:05 of 2nd period - Puck is out of play.
9:06 of 2nd period - Boone Jenner wins face-off versus Barrett Hayton in Chicago Black Hawks zone.
9:31 of 2nd period - Slapshot by Luke Hughes.
9:31 of 2nd period - Stopped by Filip Gustavsson without a rebound.
9:32 of 2nd period - Derek Ryan wins face-off versus Leo Carlsson in Chicago Black Hawks zone.
10:02 of 2nd period - Adrian Kempe is hit by Morgan Frost and loses puck.
10:14 of 2nd period - Icing by Brett Pesce.
10:15 of 2nd period - Ryan McLeod wins face-off versus Trevor Zegras in Edmonton Oilers zone.
11:13 of 2nd period - Backhand shot by Brock Boeser.
11:13 of 2nd period - Stopped by Filip Gustavsson without a rebound.
11:14 of 2nd period - Boone Jenner wins face-off versus Leo Carlsson in Chicago Black Hawks zone.
12:06 of 2nd period - Justin Faulk is hit by Brett Pesce and loses puck.
12:21 of 2nd period - Snap shot by Evan Bouchard.
12:21 of 2nd period - Stopped by Filip Gustavsson with a rebound.
12:27 of 2nd period - Snap shot by Matthew Beniers.
12:27 of 2nd period - Goal by Matthew Beniers - Edmonton Oilers : 3 - Chicago Black Hawks : 4.
12:28 of 2nd period - Boone Jenner wins face-off versus Leo Carlsson in neutral zone.
13:16 of 2nd period - Icing by David Savard.
13:17 of 2nd period - Matthew Beniers wins face-off versus Morgan Barron in Edmonton Oilers zone.
13:24 of 2nd period - David Perron is hit by Noah Cates and loses puck.
13:37 of 2nd period - Wrist shot by Dylan Holloway.
13:37 of 2nd period - Stopped by Filip Gustavsson without a rebound.
13:38 of 2nd period - Leo Carlsson wins face-off versus Boone Jenner in Chicago Black Hawks zone.
13:38 of 2nd period - Leo Carlsson is hit by Jacob Trouba.
14:18 of 2nd period - Icing by Trevor Zegras.
14:19 of 2nd period - Barrett Hayton wins face-off versus Boone Jenner in Chicago Black Hawks zone.
14:23 of 2nd period - Off-side.
14:24 of 2nd period - Boone Jenner wins face-off versus Leo Carlsson in neutral zone.
14:59 of 2nd period - Backhand shot by Luke Hughes.
14:59 of 2nd period - Deflect By Drake Caggiula.
14:59 of 2nd period - Stopped by Filip Gustavsson with a rebound.
15:07 of 2nd period - Christopher Tanev is hit by Brett Pesce and loses puck.
15:26 of 2nd period - Snap shot by Simon Holmstrom.
15:26 of 2nd period - Shot Misses the Net.
15:40 of 2nd period - Slapshot by Morgan Frost.
15:40 of 2nd period - Shot Blocked by Jacob Trouba.
16:51 of 2nd period - Snap shot by Brock Boeser.
16:51 of 2nd period - Shot Misses the Net.
16:53 of 2nd period - Wrist shot by Ryan McLeod.
16:53 of 2nd period - Shot Misses the Net.
16:55 of 2nd period - Snap shot by Ryan McLeod.
16:55 of 2nd period - Stopped by Filip Gustavsson without a rebound.
16:56 of 2nd period - Matthew Beniers wins face-off versus Boone Jenner in Chicago Black Hawks zone.
16:58 of 2nd period - Minor Penalty to Matthew Beniers for Slashing.
16:59 of 2nd period - Simon Holmstrom wins face-off versus Boone Jenner in Chicago Black Hawks zone.
17:43 of 2nd period - Simon Holmstrom is hit by Morgan Barron and loses puck.
17:52 of 2nd period - Slapshot by Morgan Barron.
17:52 of 2nd period - Stopped by Filip Gustavsson with a rebound.
18:58 of 2nd period - Penalty to Matthew Beniers is over, Matthew Beniers is back on ice.
19:00 of 2nd period - Off-side.
19:01 of 2nd period - Matthew Beniers wins face-off versus Derek Ryan in neutral zone.
19:10 of 2nd period - Wrist shot by Luke Hughes.
19:10 of 2nd period - Deflect By Matthew Beniers.
19:10 of 2nd period - Stopped by Filip Gustavsson with a rebound.
19:16 of 2nd period - Brett Pesce is hit by Noah Dobson and loses puck.
19:24 of 2nd period - Icing by Luke Hughes.
19:25 of 2nd period - Morgan Frost wins face-off versus Morgan Barron in Edmonton Oilers zone.
Goals for this period are 2 for Edmonton Oilers vs 2 for Chicago Black Hawks.
Shots for this period are 11 for Edmonton Oilers vs 9 for Chicago Black Hawks.
3rd period
0:01 of 3rd period - Boone Jenner wins face-off versus Barrett Hayton in neutral zone.
0:32 of 3rd period - Snap shot by Morgan Barron.
0:32 of 3rd period - Shot Misses the Net.
0:52 of 3rd period - Snap shot by Adrian Kempe.
0:52 of 3rd period - Stopped by Filip Gustavsson with a rebound.
1:18 of 3rd period - Slapshot by Evan Bouchard.
1:18 of 3rd period - Shot Blocked by Brett Howden.
1:20 of 3rd period - Backhand shot by Evan Bouchard.
1:20 of 3rd period - Stopped by Filip Gustavsson without a rebound.
1:21 of 3rd period - Barrett Hayton wins face-off versus Dawson Mercer in Chicago Black Hawks zone.
1:53 of 3rd period - Icing by Oliver Bjorkstrand.
1:54 of 3rd period - Ryan McLeod wins face-off versus Leo Carlsson in Chicago Black Hawks zone.
2:23 of 3rd period - Wrist shot by Leo Carlsson.
2:23 of 3rd period - Shot Misses the Net.
2:35 of 3rd period - Slapshot by Oliver Bjorkstrand.
2:35 of 3rd period - Stopped by Juuse Saros without a rebound.
2:36 of 3rd period - Boone Jenner wins face-off versus Barrett Hayton in Edmonton Oilers zone.
2:50 of 3rd period - Snap shot by Trevor Zegras.
2:50 of 3rd period - Deflect By Barrett Hayton.
2:50 of 3rd period - Stopped by Juuse Saros with a rebound.
3:12 of 3rd period - Wrist shot by Corey Perry.
3:12 of 3rd period - Stopped by Filip Gustavsson without a rebound.
3:13 of 3rd period - Morgan Barron wins face-off versus Matthew Beniers in Chicago Black Hawks zone.
3:14 of 3rd period - Snap shot by Dylan Holloway.
3:14 of 3rd period - Goal by Dylan Holloway - Edmonton Oilers : 4 - Chicago Black Hawks : 4.
3:15 of 3rd period - Boone Jenner wins face-off versus Barrett Hayton in neutral zone.
5:09 of 3rd period - Snap shot by Matthew Beniers.
5:09 of 3rd period - Shot Blocked by David Perron.
5:23 of 3rd period - Icing by Dylan Holloway.
5:24 of 3rd period - Leo Carlsson wins face-off versus Morgan Barron in Edmonton Oilers zone.
5:36 of 3rd period - Justin Faulk is hit by David Savard and loses puck.
5:40 of 3rd period - Icing by David Savard.
5:41 of 3rd period - Barrett Hayton wins face-off versus Morgan Barron in Edmonton Oilers zone.
5:52 of 3rd period - Wrist shot by Dylan Holloway.
5:52 of 3rd period - Shot Blocked by Simon Holmstrom.
5:54 of 3rd period - Slapshot by David Perron.
5:54 of 3rd period - Goal by David Perron - Edmonton Oilers : 5 - Chicago Black Hawks : 4.
5:55 of 3rd period - Boone Jenner wins face-off versus Matthew Beniers in neutral zone.
5:58 of 3rd period - Slapshot by Boone Jenner.
5:58 of 3rd period - Stopped by Filip Gustavsson without a rebound.
5:59 of 3rd period - Boone Jenner wins face-off versus Matthew Beniers in Chicago Black Hawks zone.
6:00 of 3rd period - Slapshot by Dawson Mercer.
6:00 of 3rd period - Shot Misses the Net.
6:02 of 3rd period - Slapshot by Brandon Carlo.
6:02 of 3rd period - Deflect By Jake DeBrusk.
6:02 of 3rd period - Stopped by Filip Gustavsson with a rebound.
6:04 of 3rd period - Slapshot by Brandon Carlo.
6:04 of 3rd period - Shot Blocked by Noah Cates.
6:06 of 3rd period - Snap shot by Boone Jenner.
6:06 of 3rd period - Stopped by Filip Gustavsson with a rebound.
6:08 of 3rd period - Wrist shot by Dawson Mercer.
6:08 of 3rd period - Stopped by Filip Gustavsson with a rebound.
6:10 of 3rd period - Wrist shot by Jake DeBrusk.
6:10 of 3rd period - Stopped by Filip Gustavsson without a rebound.
6:11 of 3rd period - Leo Carlsson wins face-off versus Boone Jenner in Chicago Black Hawks zone.
6:18 of 3rd period - Snap shot by Leo Carlsson.
6:18 of 3rd period - Stopped by Juuse Saros without a rebound.
6:19 of 3rd period - Leo Carlsson wins face-off versus Boone Jenner in Edmonton Oilers zone.
6:20 of 3rd period - Snap shot by Lucas Raymond.
6:20 of 3rd period - Shot Blocked by Luke Hughes.
7:29 of 3rd period - Matthew Beniers is hit by Brandon Carlo and loses puck.
7:42 of 3rd period - Slapshot by Matthew Beniers.
7:42 of 3rd period - Stopped by Juuse Saros with a rebound.
7:44 of 3rd period - Slapshot by Christopher Tanev.
7:44 of 3rd period - Shot Misses the Net.
7:46 of 3rd period - Slapshot by Christopher Tanev.
7:46 of 3rd period - Stopped by Juuse Saros with a rebound.
7:48 of 3rd period - Slapshot by Christopher Tanev.
7:48 of 3rd period - Shot Misses the Net.
7:50 of 3rd period - Slapshot by Christopher Tanev.
7:50 of 3rd period - Shot Misses the Net.
7:52 of 3rd period - Snap shot by Matthew Beniers.
7:52 of 3rd period - Shot Misses the Net.
7:54 of 3rd period - Snap shot by Matthew Beniers.
7:54 of 3rd period - Shot Misses the Net.
7:56 of 3rd period - Snap shot by Bobby Brink.
7:56 of 3rd period - Stopped by Juuse Saros with a rebound.
7:58 of 3rd period - Slapshot by Bobby Brink.
7:58 of 3rd period - Shot Misses the Net.
8:00 of 3rd period - Slapshot by Noah Cates.
8:00 of 3rd period - Shot Misses the Net.
8:02 of 3rd period - Slapshot by Justin Faulk.
8:02 of 3rd period - Deflect By Bobby Brink.
8:02 of 3rd period - Stopped by Juuse Saros without a rebound.
8:03 of 3rd period - Barrett Hayton wins face-off versus Morgan Barron in Edmonton Oilers zone.
8:04 of 3rd period - Snap shot by Trevor Zegras.
8:04 of 3rd period - Shot Blocked by Dylan Holloway.
8:06 of 3rd period - Slapshot by David Jiricek.
8:06 of 3rd period - Deflect By Simon Holmstrom.
8:06 of 3rd period - Shot Blocked by Luke Hughes.
8:06 of 3rd period - Puck is out of play.
8:07 of 3rd period - Barrett Hayton wins face-off versus Morgan Barron in Edmonton Oilers zone.
8:10 of 3rd period - Snap shot by Simon Holmstrom.
8:10 of 3rd period - Shot Misses the Net.
8:12 of 3rd period - Snap shot by Trevor Zegras.
8:12 of 3rd period - Shot Misses the Net.
8:14 of 3rd period - Snap shot by Trevor Zegras.
8:14 of 3rd period - Shot Blocked by Dylan Holloway.
8:39 of 3rd period - Minor Penalty to David Jiricek for Delaying the game.
8:40 of 3rd period - Ryan McLeod wins face-off versus Simon Holmstrom in Chicago Black Hawks zone.
8:44 of 3rd period - Snap shot by Brock Boeser.
8:44 of 3rd period - Stopped by Filip Gustavsson with a rebound.
9:25 of 3rd period - Wrist shot by Noah Dobson.
9:25 of 3rd period - Shot Blocked by Adrian Kempe.
9:27 of 3rd period - Wrist shot by Simon Holmstrom.
9:27 of 3rd period - Deflect By Ryan McLeod.
9:27 of 3rd period - Shot Misses the Net.
9:27 of 3rd period - Puck is out of play.
9:28 of 3rd period - Ryan McLeod wins face-off versus Simon Holmstrom in Edmonton Oilers zone.
10:39 of 3rd period - Penalty to David Jiricek is over, David Jiricek is back on ice.
11:32 of 3rd period - Minor Penalty to Brett Howden for High sticking.
11:33 of 3rd period - Ryan McLeod wins face-off versus Simon Holmstrom in Chicago Black Hawks zone.
11:40 of 3rd period - Slapshot by Brock Boeser.
11:40 of 3rd period - Deflect By Adrian Kempe.
11:40 of 3rd period - Stopped by Filip Gustavsson without a rebound.
11:41 of 3rd period - Simon Holmstrom wins face-off versus Ryan McLeod in Chicago Black Hawks zone.
11:50 of 3rd period - Snap shot by Adrian Kempe.
11:50 of 3rd period - Stopped by Filip Gustavsson without a rebound.
11:51 of 3rd period - Barrett Hayton wins face-off versus Ryan McLeod in Chicago Black Hawks zone.
11:51 of 3rd period - Barrett Hayton is hit by Adrian Kempe.
12:11 of 3rd period - Wrist shot by Noah Dobson.
12:11 of 3rd period - Shot Blocked by Brandon Carlo.
12:19 of 3rd period - Noah Dobson is hit by Jake DeBrusk and loses puck.
13:32 of 3rd period - Penalty to Brett Howden is over, Brett Howden is back on ice.
13:49 of 3rd period - Wrist shot by Dylan Holloway.
13:49 of 3rd period - Shot Misses the Net.
14:01 of 3rd period - Wrist shot by Corey Perry.
14:01 of 3rd period - Shot Misses the Net.
14:03 of 3rd period - Slapshot by Luke Hughes.
14:03 of 3rd period - Shot Blocked by Matthew Beniers.
14:19 of 3rd period - Bobby Brink is hit by Dylan Holloway and loses puck.
15:03 of 3rd period - Snap shot by Morgan Frost.
15:03 of 3rd period - Stopped by Juuse Saros with a rebound.
16:05 of 3rd period - Brandon Carlo is hit by Morgan Frost and loses puck.
16:33 of 3rd period - Snap shot by Ryan McLeod.
16:33 of 3rd period - Stopped by Filip Gustavsson without a rebound.
16:34 of 3rd period - Oliver Bjorkstrand wins face-off versus Morgan Barron in Chicago Black Hawks zone.
17:05 of 3rd period - Backhand shot by Matthew Beniers.
17:05 of 3rd period - Deflect By Bobby Brink.
17:05 of 3rd period - Shot Misses the Net.
17:05 of 3rd period - Puck is out of play.
17:06 of 3rd period - Matthew Beniers wins face-off versus Derek Ryan in Edmonton Oilers zone.
17:35 of 3rd period - Snap shot by Cole Sillinger.
17:35 of 3rd period - Shot Misses the Net.
17:37 of 3rd period - Slapshot by Christopher Tanev.
17:37 of 3rd period - Shot Misses the Net.
17:39 of 3rd period - Slapshot by Morgan Frost.
17:39 of 3rd period - Stopped by Juuse Saros without a rebound.
17:40 of 3rd period - Derek Ryan wins face-off versus Matthew Beniers in Edmonton Oilers zone.
18:11 of 3rd period - Luke Hughes is hit by Cole Sillinger and loses puck.
18:30 of 3rd period - Chicago Black Hawks, Filip Gustavsson is pulled from the net.
18:36 of 3rd period - Slapshot by Leo Carlsson.
18:36 of 3rd period - Stopped by Juuse Saros with a rebound.
19:36 of 3rd period - Wrist shot by Lucas Raymond.
19:36 of 3rd period - Stopped by Juuse Saros with a rebound.
19:38 of 3rd period - Slapshot by Justin Faulk.
19:38 of 3rd period - Deflect By Brock Boeser.
19:38 of 3rd period - Stopped by Juuse Saros without a rebound.
19:39 of 3rd period - Jim Montgomery call a timeout for Chicago Black Hawks.
19:39 of 3rd period - Leo Carlsson wins face-off versus Brock Boeser in Edmonton Oilers zone.
19:46 of 3rd period - Slapshot by Leo Carlsson.
19:46 of 3rd period - Shot Misses the Net.
Goals for this period are 2 for Edmonton Oilers vs 0 for Chicago Black Hawks.
Shots for this period are 14 for Edmonton Oilers vs 12 for Chicago Black Hawks.
Back to the Top